Map: Prion Terraces

Players

IlIlIlIlIlIl (Naniwa)

  • Race: Protoss Protoss
  • League: Grandmaster

llllllllllll - Winner!

  • Race: Zerg Zerg
  • League: Grandmaster

VOD

Have the link to the VOD?

Description

Time

  • Played on: Feb. 27, 2016, 5:23 p.m.
  • Length: 21:29
Show
View Real Time Build Order
Export as new Build Order

IlIlIlIlIlIl Protoss 

Build Orders: 1 Gate Expand, Mass Adepts 

Get SALT Encoding   

  12  0:01  Probe (Chrono Boost)  
  13  0:11  Probe (Chrono Boost)  
  14  0:19  Pylon  
  14  0:22  Probe (Chrono Boost)  
  15  0:38  Gateway, Probe (Chrono Boost)  
  15  0:41  Assimilator  
  16  0:48  Probe (Chrono Boost)  
  17  0:59  Probe (Chrono Boost)  
  18  1:09  Probe (Chrono Boost)  
  19  1:20  Probe (Chrono Boost)  
  19  1:24  Cybernetics Core  
  20  1:31  Nexus  
  20  1:35  Probe (Chrono Boost)  
  21  1:41  Pylon  
  21  1:45  Probe (Chrono Boost)  
  22  1:49  Assimilator  
  22  1:56  Probe (Chrono Boost)  
  22  2:01  Warp Gate (Chrono Boost), Adept (Chrono Boost)  
  25  2:07  Probe  
  26  2:16  Twilight Council  
  26  2:20  Probe  
  27  2:25  Adept (Chrono Boost)  
  29  2:32  Probe  
  30  2:40  Resonating Glaives (Chrono Boost)  
  30  2:42  Probe  
  32  2:44  Probe  
  32  2:54  Probe  
  32  2:56  Probe  
  34  2:59  Gateway  
  34  3:02  Gateway  
  34  3:07  Adept  
  34  3:10  Probe  
  34  3:12  Probe  
  38  3:22  Probe  
  38  3:23  Pylon  
  38  3:24  Probe  
  40  3:36  Pylon  
  40  3:42  Pylon  
  40  3:44  Mothership Core  
  41  4:02  Adept x3  
  42  4:14  Probe x2  
  39  4:26  Probe x2 (Chrono Boost)  
  39  4:27  Adept x3  
  47  4:37  Probe x2 (Chrono Boost)  
  49  4:48  Adept  
  49  4:49  Adept x2  
  54  4:57  Probe x2 (Chrono Boost)  
  51  5:11  Adept  
  49  5:23  Adept x2  
  53  5:31  Pylon  
  53  5:43  Pylon  
  53  5:44  Pylon  
  53  5:51  Adept  
  53  5:52  Adept  
  53  5:56  Probe (Chrono Boost)  
  58  6:04  Probe (Chrono Boost)  
  58  6:06  Probe (Chrono Boost)  
  58  6:09  Dark Shrine  
  60  6:17  Probe x2 (Chrono Boost)  
  52  6:28  Probe x2 (Chrono Boost)  
  40  6:33  Adept  
  40  6:34  Adept x2  
  40  6:39  Probe x2 (Chrono Boost)  
  48  6:45  Pylon  
  48  6:49  Pylon  
  48  6:58  Probe x2 (Chrono Boost)  
  49  7:10  Probe x2 (Chrono Boost)  
  49  7:11  Assimilator  
  51  7:19  Pylon  
  51  7:21  Probe x2 (Chrono Boost), Dark Templar x2  
  51  7:22  Adept  
  59  7:31  Probe x2 (Chrono Boost)  
  61  7:37  Nexus  
  61  7:38  Pylon  
  61  7:40  Pylon  
  61  7:43  Pylon  
  61  7:44  Stalker  
  63  7:53  Stalker  
  63  7:54  Stalker  
  55  8:06  Probe (Chrono Boost)  
  55  8:10  Assimilator  
  55  8:11  Pylon  
  56  8:25  Probe (Chrono Boost)  
  56  8:26  Probe (Chrono Boost)  
  58  8:35  Adept x3  
  64  8:42  Gateway  
  64  8:44  Gateway x2, Archon  
  64  8:59  Adept x3, Pylon  
  64  9:02  Probe x3 (Chrono Boost)  
  73  9:16  Robotics Facility  
  73  9:21  Adept x3  
  73  9:24  Blink (Chrono Boost)  
  79  9:26  Gateway  
  79  9:28  Gateway  
  79  9:45  Sentry x2  
  79  9:46  Stalker x4  
  91  10:03  Forge  
  91  10:04  Pylon  
  91  10:09  Observer  
  91  10:11  Dark Templar x2  
  91  10:12  Stalker x2  
  91  10:13  Adept x2  
  104  10:15  Archon  
  104  10:19  Pylon  
  104  10:20  Pylon  
  104  10:26  Probe  
  104  10:27  Probe  
  104  10:28  Probe  
  107  10:30  Protoss Ground Weapons Level 1 (Chrono Boost)  
  107  10:47  Stalker x5  
  117  10:50  Assimilator  
  117  10:53  Assimilator  
  117  10:58  Stalker x2  
  117  11:00  Stalker  
  117  11:03  Probe  
  123  11:05  Probe x2  
  126  11:26  Stalker  
  126  11:27  Stalker x5  
  138  11:35  Stalker x2  
  138  11:37  Warp Prism (Chrono Boost)  
  144  11:50  Pylon  
  144  11:57  Stalker x4  
  144  11:58  Probe  
  144  11:59  Probe  
  144  12:00  Probe  
  141  12:09  Observer (Chrono Boost)  
  142  12:16  Photon Cannon  
  142  12:41  Dark Templar x4  
  142  12:43  Stalker  
  142  12:44  Stalker x2  
  156  12:45  Archon x2  
  156  12:46  Stalker  
  156  12:50  Pylon  
  80  13:25  Adept x6  
  80  13:26  Adept  
  94  13:28  Dark Templar  
  96  13:41  Nexus  
  58  14:03  Probe  
  58  14:04  Probe  
  58  14:05  Probe  
  57  14:15  Probe  
  57  14:16  Probe, Templar Archives  
  57  14:17  Probe  
  60  14:25  Probe  
  60  14:29  Probe x2  
  63  14:40  Probe  
  63  14:41  Probe  
  63  14:42  Probe  
  66  14:53  High Templar x5  
  66  14:54  High Templar  
  66  14:55  Probe x2  
  66  14:58  Archon x2  
  66  14:59  High Templar, Archon  
  82  15:00  High Templar  
  82  15:05  Archon  
  84  15:09  Pylon  
  79  15:35  Adept x4  
  87  15:36  Probe  
  87  15:37  Probe  
  87  15:40  Probe x2  
  91  15:52  Probe x2  
  91  15:53  Probe x2  
  91  15:56  Photon Cannon  
  95  16:21  High Templar x2  
  95  16:22  High Templar x2  
  103  16:26  Stalker x4  
  103  16:30  Archon x2  
  107  16:55  Adept x8  
  123  17:11  Probe  
  123  17:12  Assimilator  
  123  17:13  Probe x2  
  123  17:15  Assimilator  
  123  17:29  Stalker  
  109  17:37  Probe x3 (Chrono Boost)  
  109  17:43  Probe (Chrono Boost)  
  113  17:48  Probe x3 (Chrono Boost)  
  114  18:01  Probe (Chrono Boost)  
  114  18:02  Probe x2 (Chrono Boost)  
  117  18:13  Probe x2 (Chrono Boost), Protoss Ground Weapons Level 2 (Chrono Boost)  
  117  18:14  Probe  
  120  18:39  Stalker x7  
  134  18:41  Observer  
  134  18:42  Stalker  
  136  18:49  Pylon  
  136  19:13  Stalker x3  
  136  19:14  Stalker x2  
  146  19:17  Stalker  
  146  19:21  Stalker  
  150  19:27  Stalker  
  131  19:57  Probe x3  
  131  19:58  Probe  
  131  20:05  Adept x2  
  131  20:08  Dark Templar x2  
  135  20:16  Probe  
  134  20:30  Probe  
  134  20:33  Probe  
  136  20:43  Probe  
Show
View Real Time Build Order
Export as new Build Order

llllllllllll Zerg - Winner!

Build Orders: 3 Hatch before Pool 

Get SALT Encoding   

  12  0:00  Drone  
  13  0:08  Drone  
  14  0:18  Overlord  
  14  0:22  Extractor  
  14  0:23  Drone  
  15  0:37  Drone x2  
  17  0:51  Hatchery  
  17  0:55  Drone  
  17  0:59  Drone  
  18  1:06  Drone  
  19  1:21  Hatchery  
  19  1:24  Drone  
  19  1:29  Extractor  
  18  1:37  Spawning Pool  
  17  1:40  Drone  
  17  1:44  Drone  
  19  1:53  Drone  
  20  2:06  Drone x2  
  22  2:11  Overlord  
  22  2:24  Queen x2  
  22  2:25  Drone x2  
  28  2:31  Metabolic Boost  
  28  2:33  Zergling x2  
  28  2:35  Zergling x2  
  30  2:38  Zergling x2  
  30  2:44  Queen  
  31  2:47  Zergling x2  
  31  2:50  Zergling x4  
  36  2:53  Zergling x2  
  36  2:57  Zergling x2  
  38  3:08  Evolution Chamber  
  37  3:13  Zergling x10  
  41  3:31  Overlord  
  41  3:32  Overlord x2  
  39  3:47  Zerg Melee Weapons Level 1  
  39  3:54  Zergling x20  
  47  4:06  Zergling x10  
  48  4:13  Zergling x6  
  46  4:25  Zergling x10  
  50  4:36  Baneling Nest  
  50  4:37  Extractor  
  48  4:43  Zergling x6  
  48  4:44  Zergling x4  
  51  4:58  Zergling x12  
  53  5:04  Zergling x4  
  53  5:06  Zergling x2  
  44  5:10  Zergling x2  
  40  5:26  Zergling x2  
  40  5:27  Zergling x12  
  45  5:48  Baneling  
  45  5:49  Baneling x7  
  45  5:51  Zergling x8  
  45  5:54  Baneling x3  
  45  5:55  Baneling  
  48  5:59  Zergling x2  
  40  6:31  Drone x3  
  40  6:32  Drone x5  
  44  6:41  Pneumatized Carapace  
  44  6:46  Baneling  
  43  6:47  Baneling x3  
  39  7:04  Drone x7  
  46  7:10  Zergling x6  
  46  7:14  Baneling x4  
  49  7:28  Zergling x2  
  49  7:29  Zergling x14  
  56  7:39  Zergling x4  
  56  7:40  Zergling x10  
  56  7:43  Baneling x4  
  63  7:46  Zergling x4  
  61  7:59  Spore Crawler  
  61  8:02  Lair, Spore Crawler  
  53  8:08  Zergling x4  
  53  8:09  Zergling x8  
  59  8:14  Drone  
  60  8:20  Overlord  
  60  8:25  Overlord  
  58  8:35  Overlord  
  58  8:39  Drone  
  58  8:40  Drone  
  60  8:48  Burrow, Drone x2  
  61  8:49  Drone x4  
  66  8:58  Drone x4  
  70  9:10  Roach Warren  
  70  9:11  Zerg Melee Weapons Level 2  
  70  9:14  Extractor  
  68  9:19  Overlord  
  68  9:20  Overlord  
  68  9:23  Baneling x4  
  68  9:28  Drone x5  
  73  9:34  Overseer  
  73  9:35  Overseer  
  73  9:46  Hatchery  
  71  9:53  Zergling x2  
  71  9:54  Zergling x12  
  78  10:02  Centrifical Hooks  
  78  10:19  Glial Reconstitution  
  78  10:21  Roach  
  78  10:25  Roach  
  82  10:35  Roach x3  
  88  10:40  Roach  
  90  10:47  Baneling  
  90  10:48  Baneling x2  
  90  10:52  Overlord  
  90  10:53  Overlord x4  
  90  11:03  Baneling x10  
  90  11:05  Zergling x14  
  97  11:21  Baneling  
  97  11:22  Baneling x3  
  97  11:23  Zergling x2  
  97  11:24  Zergling x12  
  104  11:28  Baneling x11  
  104  11:36  Roach  
  104  11:37  Roach x5  
  116  11:46  Baneling  
  116  11:47  Zergling x6, Baneling x4  
  116  11:53  Zergling x4  
  119  12:07  Roach x5, Zergling x4  
  129  12:15  Zergling x2  
  129  12:22  Roach x2  
  134  12:28  Roach  
  135  12:34  Roach  
  137  12:42  Overlord x4  
  136  12:51  Baneling x9  
  136  12:52  Baneling x3  
  136  13:05  Zergling x20  
  108  13:16  Overseer  
  108  13:18  Queen, Baneling  
  108  13:19  Baneling x4  
  103  13:20  Zergling x8  
  103  13:23  Extractor  
  103  13:24  Queen  
  103  13:25  Extractor  
  103  13:26  Roach x4, Zergling x4  
  92  13:56  Drone x12  
  92  13:59  Drone  
  92  14:00  Drone x6  
  93  14:05  Drone x4  
  93  14:06  Drone x2  
  97  14:11  Zerg Missile Weapons Level 1  
  97  14:12  Extractor  
  97  14:16  Zergling x8  
  100  14:22  Drone x3  
  100  14:23  Drone x2  
  105  14:30  Hatchery  
  104  14:37  Baneling x4  
  104  14:40  Roach, Zergling x8  
  104  14:45  Zergling x6  
  112  15:08  Roach x8  
  127  15:19  Roach x3, Zergling x2  
  127  15:20  Zergling x2  
  133  15:25  Baneling x4  
  133  15:30  Hydralisk Den  
  132  15:36  Drone  
  132  15:46  Drone x8  
  132  15:47  Drone x3  
  135  15:52  Spore Crawler  
  135  15:54  Overseer  
  135  15:55  Drone  
  135  15:56  Drone x5  
  140  16:09  Drone  
  140  16:10  Drone x5  
  146  16:12  Baneling x2  
  146  16:15  Baneling  
  146  16:16  Baneling x3  
  146  16:31  Lurker Den  
  146  16:33  Hydralisk x3  
  146  16:38  Drone  
  146  16:39  Infestation Pit  
  152  16:56  Hydralisk, Spore Crawler  
  152  16:57  Extractor, Hydralisk x4  
  152  16:58  Extractor  
  159  17:07  Overlord x2  
  159  17:12  Baneling x4  
  154  17:37  Overlord x4  
  154  17:38  Hydralisk  
  154  17:39  Hydralisk x3  
  162  17:47  Overseer  
  162  17:49  Drone x3  
  162  17:50  Drone x2  
  162  17:51  Drone  
  160  17:58  Lurker x8  
  160  18:00  Drone x3  
  163  18:18  Drone x2  
  163  18:19  Hive  
  165  18:24  Muscular Augments  
  165  18:46  Spine Crawler, Hydralisk  
  165  18:47  Hydralisk x5  
  172  19:03  Hydralisk x3  
  178  19:26  Hydralisk  
  178  19:27  Hydralisk x3  
  182  19:51  Overlord  
  181  19:58  Viper x3  
  190  20:02  Overlord x2  
  190  20:20  Overseer  
  190  20:27  Drone x2  
  190  20:41  Zergling x2  
  190  20:42  Zergling x14  
  198  20:48  Drone  
Tags
 
Add a new tag
Caveats
  • Supply blocks, unpowered buildings, or Contaminate may cause inaccurate times.
  • Supply counts are checked every 10 seconds.